 Dungeon Crawl Stone Soup version 0.18.1-50-g88ac8fd (webtiles) character file.

1166 Gargoyl the Covered (level 8, -2/61 HPs)
             Began as a Demonspawn Abyssal Knight on Oct 13, 2016.
             Was a Priest of Lugonu.
             Slain by a troll (6 damage)
             ... on level 7 of the Dungeon.
             The game lasted 00:12:30 (8075 turns).

Gargoyl the Covered (Demonspawn Abyssal Knight)     Turns: 8075, Time: 00:12:31

Health: -2/61      AC: 11    Str: 20    XL:     8   Next: 17%
Magic:  21/21      EV:  9    Int: 14    God:    Lugonu [***...]
Gold:   273        SH:  0    Dex: 12    Spells: 0 memorised, 7 levels left

rFire  + + .     SeeInvis .     a - +2 hand axe
rCold  . . .     Gourm    .     w - +0 chain mail
rNeg   . . .     Faith    +     (no shield)
rPois  .         Spirit   .     (helmet restricted)
rElec  .         Dismiss  .     (no cloak)
rCorr  .         Reflect  .     (no gloves)
SustAt .         Harm     .     (no boots)
MR     .....                    d - amulet of faith
Stlth  ..........               k - ring of magical power
                                e - ring of protection from fire

@: mighty, not resistant to hostile enchantments, extremely unstealthy
A: hooves 1, horns 1, molten scales 1, fire resistance 1, nightstalker 1,
powered by pain 1
a: Depart the Abyss, Bend Space, Banish, Renounce Religion


You were on level 7 of the Dungeon.
You worshipped Lugonu.
Lugonu was most pleased with you.
You were not hungry.

You visited 1 branch of the dungeon, and saw 7 of its levels.
You visited the Abyss 1 time.
You also visited: Sewer.

You collected 273 gold pieces.

Inventory:

Hand Weapons
 a - a +2 hand axe (weapon)
Armour
 p - a +1 helmet
 w - a +0 chain mail (worn)
Jewellery
 d - an amulet of faith (around neck)
 e - a ring of protection from fire (left hand)
 k - a ring of magical power (right hand)
Scrolls
 f - a scroll of blinking
 g - 2 scrolls of fog
 j - 3 scrolls of enchant weapon
 n - 2 scrolls of identify
 o - a scroll of amnesia
Potions
 h - a potion of brilliance
 l - a potion of curing
 v - 2 potions of flight
Comestibles
 c - 4 bread rations
 i - a beef jerky
 s - a slice of pizza
 x - 2 meat rations


   Skills:
 + Level 4.7 Fighting
 + Level 3.1 Axes
 * Level 5.8 Armour
 + Level 3.8 Dodging
 * Level 5.7 Invocations


You had 7 spell levels left.
You didn't know any spells.

Dungeon Overview and Level Annotations

Branches:
Dungeon (7/15)
 Temple: D:4-7

Altars:
Pakellas
Ru
Trog
Zin

Annotations:
Abyss:1 Grinder


Innate Abilities, Weirdness & Mutations

You have large cloven feet.
You are partially covered in molten scales (AC +1).
You are slightly more attuned to the shadows.
You sometimes gain a little power by taking damage.
You have a pair of small horns on your head.
Your flesh is heat resistant.


Message History

The troll moves out of view.
The giant newt bites you but does no damage.
You closely miss the giant newt. You kick the giant newt.
You kill the giant newt!
Lugonu accepts your kill.
You closely miss the troll. You kick the troll! You headbutt the troll.
The troll is moderately wounded.
The troll barely misses you. The troll claws you.
* * * LOW HITPOINT WARNING * * *
The troll closely misses you. The troll completely misses you.
The troll claws you but does no damage. The troll claws you.
* * * LOW HITPOINT WARNING * * *
You slash the troll! Your kick misses the troll.
The troll is heavily wounded.
The troll barely misses you. The troll claws you!
* * * LOW HITPOINT WARNING * * *
You focus on the pain.
You feel mightier all of a sudden. The troll claws you.
You die...

...........#
...........#
..........#
....#......#
...#.......#
#........#
#.<....#
####T### #@#
#..# #.## #.
.. ..# .#


You could see a troll.

Vanquished Creatures
  Edmund (D:5)
  An ogre (D:6)
  A phantom (D:4)
  A big kobold (Sewer)
  A scorpion (D:5)
  2 hounds
  2 orc wizards
  An iguana (D:5)
  4 worker ants
  A hound skeleton (D:5)
  A worker ant zombie (D:5)
  8 adders
  3 gnolls (D:2)
  A river rat (Sewer)
  4 worms
  2 dart slugs (D:2)
  9 giant geckos
  9 orcs
  5 bats
  8 giant cockroaches
  5 goblins
  7 hobgoblins
  5 jackals
  11 kobolds
  3 quokkas
  3 ball pythons
  A giant cockroach zombie (D:5)
  7 giant newts
  2 quokka skeletons
  7 rats
116 creatures vanquished.

Vanquished Creatures (others)
  A wizard (D:4)
  The ghost of Dioneo the Agent of Entropy, an amateur DrAK of Lugonu (D:4)
  An orc warrior (D:6)
  A crimson imp (D:6)
  An orc priest (D:6)
5 creatures vanquished.

Grand Total: 121 creatures vanquished

Notes
Turn   | Place    | Note
--------------------------------------------------------------
     0 | Abyss:1  | Gargoyl the Demonspawn Abyssal Knight began the quest for the Orb.
     0 | Abyss:1  | Reached XP level 1. HP: 18/18 MP: 2/2
    23 | Abyss:2  | Noticed a small abomination
    49 | D:1      | Escaped the Abyss
   147 | D:1      | Reached skill level 1 in Dodging
   534 | D:1      | Gained mutation: You are partially covered in molten scales (AC +1). [demonic ancestry]
   534 | D:1      | Reached XP level 2. HP: 21/24 MP: 3/3
   544 | D:1      | Reached * piety under Lugonu
  1431 | D:2      | Reached XP level 3. HP: 27/29 MP: 5/5
  1790 | D:2      | Gained mutation: You have large cloven feet. [demonic ancestry]
  1790 | D:2      | Reached XP level 4. HP: 31/35 MP: 6/6
  2300 | D:2      | Reached ** piety under Lugonu
  2746 | D:2      | Noticed an angel
  2747 | D:2      | Found a glowing silver altar of Zin.
  2806 | D:2      | Found an oddly glowing altar of Pakellas.
  2923 | D:3      | Reached XP level 5. HP: 39/41 MP: 7/7
  3634 | D:3      | Reached *** piety under Lugonu
  4001 | D:4      | Found a glowing drain.
  4026 | Sewer    | Entered a sewer
  4206 | Sewer    | Gained mutation: You are slightly more attuned to the shadows. [demonic ancestry]
  4206 | Sewer    | Reached XP level 6. HP: 41/48 MP: 9/9
  4265 | Sewer    | Found a white marble altar of Elyvilon.
  4330 | D:4      | Noticed Grinder
  4332 | D:4      | Banished Grinder
  4721 | D:4      | Gained mutation: You sometimes gain a little power by taking damage. [demonic ancestry]
  4721 | D:4      | Reached XP level 7. HP: 27/54 MP: 10/10
  5267 | D:4      | Found a bloodstained altar of Trog.
  5270 | D:4      | Noticed a wizard
  5276 | D:4      | Killed a wizard
  5326 | D:4      | Noticed Dioneo's ghost (amateur DrAK)
  5329 | D:4      | Reached skill level 5 in Invocations
  5346 | D:4      | Banished Dioneo's ghost
  5787 | D:5      | Entered Level 5 of the Dungeon
  6552 | D:5      | Reached skill level 5 in Armour
  7072 | D:5      | Noticed Edmund
  7095 | D:5      | Gained mutation: You have a pair of small horns on your head. [potion of mutation]
  7095 | D:5      | Gained mutation: Your flesh is heat resistant. [potion of mutation]
  7109 | D:5      | Killed Edmund
  7363 | D:6      | Reached XP level 8. HP: 16/61 MP: 12/12
  7997 | D:6      | Found a sacrificial altar of Ru.
  8064 | D:7      | Noticed a troll
  8075 | D:7      | Slain by a troll

Skill      XL: |  1  2  3  4  5  6  7 |
---------------+----------------------+-----
Armour         | 2 3 4 5 |  5.8
Dodging        | 1 2 3 |  3.8
Axes           | 2 3 |  3.1
Invocations    | 3 4 5 |  5.7
Fighting       | 4 |  4.7

Action                   |  1- 3 |  4- 6 |  7- 9 || total
-------------------------+-------+-------+-------++-------
Melee: Hand axe          |    95 |   268 |   233 ||   596
       Kick              |       |    60 |    68 ||   128
       Headbutt          |       |       |    11 ||    11
Invok: Depart the Abyss  |     1 |       |       ||     1
       Banish            |       |     1 |     5 ||     6
  Use: Potion            |       |     2 |     7 ||     9
       Scroll            |       |     2 |     6 ||     8
  Eat: Chunk             |     3 |    11 |    12 ||    26
Armor: Ring mail         |    47 |   106 |    29 ||   182
       Chain mail        |       |       |    95 ||    95
Dodge: Dodged            |    73 |   168 |   119 ||   360
